Map: Turbo Cruise '84 LE

Players

PeLLy

  • Race: Zerg Zerg
  • League: Diamond
  • Spawn Location: 3:00

Bartimäus - Winner!

  • Race: Protoss Protoss
  • Spawn Location: 7:00

VOD

Have the link to the VOD?

Description

Time

  • Played on: Aug. 1, 2019, 3:57 p.m.
  • Length: 5:00
Show
View Real Time Build Order
Export as new Build Order

PeLLy Zerg 

Build Orders: 3 Hatch before Pool 

Get SALT Encoding   

  12  0:00  Drone  
  13  0:08  Drone  
  14  0:16  Drone, Extractor  
  15  0:26  Overlord  
  15  0:46  Drone x2  
  17  0:56  Hatchery  
  16  0:58  Drone  
  17  1:04  Drone  
  18  1:24  Hatchery  
  17  1:37  Spawning Pool  
  16  1:40  Drone  
  16  1:44  Drone  
  18  1:47  Drone  
  19  1:54  Drone  
  20  2:05  Overlord  
  20  2:11  Drone  
  21  2:20  Drone  
  22  2:30  Spine Crawler  
  22  2:34  Drone x2  
  23  2:40  Drone x2  
  25  2:51  Spine Crawler  
  24  2:52  Spine Crawler  
  24  2:58  Spine Crawler  
  23  3:06  Drone x5  
  29  3:27  Drone x3  
  29  3:28  Queen x2  
  35  3:47  Zergling x2  
  35  3:48  Hatchery  
  35  3:54  Roach Warren  
  35  3:55  Extractor x2  
  33  3:57  Overlord x3  
  32  4:04  Spine Crawler  
  32  4:06  Spine Crawler  
  32  4:07  Spine Crawler  
  29  4:35  Zergling x4  
  29  4:36  Zergling x8  
Show
View Real Time Build Order
Export as new Build Order

Bartimäus Protoss - Winner!

Build Orders:  

Get SALT Encoding   

  12  0:01  Probe  
  13  0:13  Probe  
  14  0:18  Pylon  
  14  0:21  Probe  
  15  0:31  Assimilator  
  15  0:41  Gateway  
  15  0:44  Probe  
  16  0:57  Probe  
  17  1:05  Probe  
  17  1:07  Gateway  
  18  1:13  Probe  
  19  1:21  Assimilator  
  19  1:23  Probe  
  19  1:32  Cybernetics Core  
  20  1:35  Probe  
  21  1:42  Pylon  
  21  1:47  Probe  
  22  2:10  Stalker x2  
  26  2:21  Pylon  
  26  2:26  Gateway  
  26  2:33  Probe  
  27  2:40  Stalker  
  29  2:46  Stalker  
  31  3:04  Forge  
  31  3:10  Stalker  
  31  3:11  Pylon  
  33  3:15  Stalker  
  35  3:24  Probe  
  36  3:29  Stalker  
  38  3:36  Probe  
  39  3:51  Stalker  
  41  3:59  Stalker  
  41  4:01  Pylon, Probe  
  44  4:10  Stalker  
  46  4:19  Probe  
Tags
 
Add a new tag
Caveats
  • Supply blocks, unpowered buildings, or Contaminate may cause inaccurate times.
  • Supply counts are checked every 10 seconds.